 Dungeon Crawl Stone Soup version 0.29.1-1-gd02db6906a (webtiles) character file.

Game seed: 2716505152657355236

9 Decritt7 the Trooper (level 2, 0/27 HPs)
             Began as a Minotaur Fighter on Oct 2, 2022.
             Slain by a kobold
             ... wielding a +0 whip
              (2 damage)
             ... on level 1 of the Dungeon.
             The game lasted 00:00:35 (218 turns).

Decritt7 the Trooper (Minotaur Fighter)              Turns: 218, Time: 00:00:35

Health: 0/27       AC:  7    Str: 20    XL:     2   Next: 6%
Magic:  1/1        EV:  9    Int:  5    God:
Gold:   32         SH:  4    Dex:  9    Spells: 1/1 levels left

rFire   . . .      SeeInvis .   a - +0 war axe
rCold   . . .      Faith    .   c - +0 buckler
rNeg    . . .      Spirit   .   b - +0 scale mail
rPois   .          Reflect  .   (helmet restricted)
rElec   .          Harm     .   (no cloak)
rCorr   .          Rampage  .   (no gloves)
Will    .....                   (no boots)
Stlth   ..........              (no amulet)
HPRegen 0.09/turn               (no ring)
MPRegen 0.07/turn               (no ring)

@: no status effects
A: horns 2, retaliatory headbutt
a: no special abilities


You were on level 1 of the Dungeon.
You visited 1 branch of the dungeon, and saw 1 of its levels.

You collected 32 gold pieces.

Inventory:

Hand Weapons
 a - a +0 war axe (weapon)
Armour
 b - a +0 scale mail (worn)
 c - a +0 buckler (worn)
Potions
 d - a potion of might
 e - a potion of cancellation {unknown}


   Skills:
 * Level 3.8 Fighting
 * Level 2.8 Axes
 + Level 3.7 Armour
 + Level 0.4 Dodging
 + Level 3.7 Shields


You had one spell level left.
You didn't know any spells.
Your spell library was empty.

Dungeon Overview and Level Annotations

Branches:
Dungeon (1/15)

Altars:


Innate Abilities, Weirdness & Mutations

You have a pair of horns on your head.
You reflexively headbutt those who attack you in melee.


Message History

You completely miss the goblin.
The ball python bites you but does no damage.
The ball python closely misses you. The goblin closely misses you.
The ball python bites you but does no damage.
The ball python grabs you. The ball python constricts you.
You closely miss the ball python.
The ball python is heavily wounded.
You closely miss the goblin. You block the goblin's attack.
The ball python bites you but does no damage.
The ball python constricts you.
* * * LOW HITPOINT WARNING * * *
You hit the ball python.
You kill the ball python!
You hit the goblin. The bat barely misses you. You block the goblin's attack.
The kobold closely misses you. The goblin hits you but does no damage.
You barely miss the goblin. You headbutt the goblin.
You kill the goblin!
You barely miss the kobold. You block the bat's attack.
The kobold hits you with a +0 whip.
* * * LOW HITPOINT WARNING * * *
You have reached level 2!
You closely miss the kobold. Your headbutt misses the kobold. The bat hits you.
* * * LOW HITPOINT WARNING * * *
The kobold hits you but does no damage. You block the kobold's attack.
The kobold hits you with a +0 club.
* * * LOW HITPOINT WARNING * * *
You barely miss the kobold. You closely miss the kobold.
The kobold hits you with a +0 whip.
* * * LOW HITPOINT WARNING * * *
The kobold misses you.
You closely miss the kobold. Your headbutt misses the kobold.
You hit the kobold.
You kill the kobold!
The bat closely misses you.
The kobold hits you but does no damage. x2
You hit the kobold but do no damage. You barely miss the bat.
The bat hits you but does no damage. The kobold barely misses you.
The bat hits you but does no damage.
You barely miss the kobold. You miss the bat.
The bat hits you but does no damage. The kobold hits you with a +0 whip.
You die...

######## ...##......# #
...##.####.# ..
..##.#..#.########## # ...
#..#.#.##.##.......# # ....
#..#.#....##.#####.###
.....####..#.....###.#........
§§_.§.....)###.#.###.#.......#
..§.........K@............>#†#
.#.........b)###.#.#....#..#.#
....########.# #.#.#.#.....#.#
... #.# #.#...#.###.#|# . ..#
#.#####...#.#.# ### #...#
###.#†#.# ###.#####.#.#.#
#.......#.#.. #########.###


You could see a bat and a kobold.

Vanquished Creatures
  2 ball pythons (D:1)
  A giant cockroach (D:1)
  2 goblins (D:1)
  A bat (D:1)
  2 frilled lizards (D:1)
  A kobold (D:1)
9 creatures vanquished.

Notes
Turn   | Place    | Note
-------+----------+-------------------------------------------
     0 | D:1      | Decritt7 the Minotaur Fighter began the quest for the Orb.
     0 | D:1      | Reached XP level 1. HP: 19/19 MP: 0/0
   199 | D:1      | Found a faded altar of an unknown god.
   214 | D:1      | Reached XP level 2. HP: 9/27 MP: 1/1
   218 | D:1      | Slain by a kobold

Illustrated notes

Levels and vault maps discovered:
D:1:      dpeg_arrival_another_circle, layout_basic,
          ebering_ecumenical_altar_mist

Action                   || total
-------------------------++-------
Melee: War axe           ||    22
       Headbutt          ||     1
Armor: Scale mail        ||    19
Dodge: Dodged            ||    22
Block: Buckler           ||    10
